 Dungeon Crawl Stone Soup version 0.24.0-10-g970556be89 (webtiles) character file.

Game seed: 16342626183875605558, levelgen mode: deterministic

371 Inarius the Grave Robber (level 6, -1/42 HPs)
             Began as a Mummy Necromancer on Nov 4, 2019.
             Slain by an ogre
             ... wielding a +0 giant club
              (26 damage)
             ... on level 4 of the Dungeon.
             The game lasted 00:08:14 (3878 turns).

Inarius the Grave Robber (Mummy Necromancer)        Turns: 3878, Time: 00:08:14

Health: -1/42      AC:  8    Str: 16    XL:     6   Next: 42%
Magic:  9/12       EV: 12    Int: 16    God:
Gold:   156        SH:  0    Dex: 12    Spells: 10/14 levels left

rFire    x . .     SeeInvis .   q - +1 dagger (venom)
rCold    + . .     Gourm    .   (no shield)
rNeg     + + +     Faith    .   c - +0 leather armour
rPois    ∞         Spirit   .   (no helmet)
rElec    .         Reflect  .   l - +0 cloak
rCorr    .         Harm     .   (no gloves)
MR       .....                  (no boots)
Stlth    +.........             (no amulet)
HPRegen  0.14/turn              e - +4 ring of strength
MPRegen  0.13/turn              a - +4 ring of protection

@: no status effects
A: no food or potions, fire vulnerability, cold resistance 1, negative energy
resistance 3, torment resistance, unbreathing
a: no special abilities


You were on level 4 of the Dungeon.
You were not hungry.

You visited 1 branch of the dungeon, and saw 4 of its levels.

You collected 156 gold pieces.

Inventory:

Hand Weapons
 b - a +0 dagger
 q - a +1 dagger of venom (weapon)
Armour
 c - a +0 leather armour (worn)
 i - a +0 scale mail
 l - a +0 cloak (worn)
Jewellery
 a - a +4 ring of protection (right hand)
 d - an uncursed ring of fire
 e - a +4 ring of strength (left hand)
 n - an uncursed ring of protection from magic {unknown}
Scrolls
 f - 3 scrolls of teleportation
 g - 2 scrolls of identify {unknown}
 h - 2 scrolls of fear {unknown}
 j - a scroll of random uselessness {unknown}
 k - a scroll of noise {unknown}
 m - a scroll of enchant armour {unknown}
 o - a scroll of fog {unknown}
 p - a scroll of remove curse


   Skills:
 + Level 0.7 Fighting
 + Level 0.9 Armour
 + Level 2.0 Dodging
 - Level 1.5 Stealth
 + Level 4.5 Spellcasting
 * Level 6.7 Necromancy


You had 10 spell levels left.
You knew the following spells:

 Your Spells              Type           Power        Failure   Level  Hunger
a - Pain                  Necr           ####         1%          1    N/A
b - Vampiric Draining     Necr           ####......   3%          3    N/A

Your spell library contained the following spells:

 Spells                   Type           Power        Failure   Level  Hunger
 Animate Skeleton         Necr           N/A          1%          1    N/A
 Animate Dead             Necr           N/A          12%         4    N/A
 Regeneration             Chrm/Necr      Unusable     N/A         3    N/A

Dungeon Overview and Level Annotations

Branches:
Dungeon (4/15)
 Temple: D:4-7

Altars:

Annotations:
D:4 Edmund


Innate Abilities, Weirdness & Mutations

You do not eat or drink.
Your flesh is vulnerable to fire.
You are immune to poison.
Your flesh is cold resistant. (rC+)
You are immune to negative energy. (rN+++)
You are immune to unholy pain and torment.
You can survive without breathing.


Message History

You aren't carrying any items that you can evoke.
Unknown command.
Unknown command.
Quiver which item? (- for none, * to show all) (? for menu, Esc to quit)
Okay, then.
You barely miss the ogre. The ogre hits you with a +0 giant club!
You hit the ogre.
The ogre is poisoned.
The ogre is lightly wounded.
The ogre hits you with a +0 giant club!
The kobold drinks a potion.
The kobold goes berserk!
Casting: Vampiric Draining (safe; 3% risk of failure)
Confirm with . or Enter, or press ? or * to list all spells.
Aiming: Vampiric Draining (safe; 3% risk of failure)
Press: ? - help, Shift-Dir - straight line, f - ogre
Aim: an ogre, wielding a +0 giant club (moderately wounded, poisoned)
The ogre is moderately wounded.
You feel life coursing into your body.
The ogre hits you with a +0 giant club!!
Ouch! That really hurt!
You die...

############
#......>@OK#
#########.########.#
#...........# #.#
.......##.#.# #.#
..####.#....# #.#
### #.†...... #.# #
###..<....#
#.######## ..
##.###... #.........
.... #.# ...
#.########


You could see an ogre and a kobold (berserk).

Vanquished Creatures
  A howler monkey (D:4)
  2 hounds
  An orc priest (D:3)
  3 orc wizards
  Natasha (D:2)
  A hound skeleton (D:2)
  3 adders
  A gnoll (D:1)
  An ooze (D:1)
  2 worms (D:3)
  2 dart slugs
  4 leopard geckos
  6 orcs
  2 ball pythons
  7 bats
  5 giant cockroaches
  11 goblins
  9 hobgoblins
  4 jackals
  5 kobolds
  2 quokkas (D:2)
  3 frilled lizards
  3 rats
  A toadstool (D:1)
80 creatures vanquished.

Vanquished Creatures (others)
  3 toadstools (D:1)
3 creatures vanquished.

Grand Total: 83 creatures vanquished

Notes
Turn   | Place    | Note
-------+----------+-------------------------------------------
     0 | D:1      | Inarius the Mummy Necromancer began the quest for the Orb.
     0 | D:1      | Reached XP level 1. HP: 13/13 MP: 4/4
   252 | D:1      | Reached XP level 2. HP: 19/19 MP: 1/5
   550 | D:1      | Reached XP level 3. HP: 3/24 MP: 0/7
   808 | D:1      | Learned a level 3 spell: Vampiric Draining
   867 | D:1      | Reached skill level 5 in Necromancy
  1551 | D:2      | Reached XP level 4. HP: 28/31 MP: 8/8
  1926 | D:2      | Noticed Natasha
  1933 | D:2      | Killed Natasha
  2646 | D:3      | Reached XP level 5. HP: 24/36 MP: 6/10
  2810 | D:3      | Reached skill level 6 in Necromancy
  3282 | D:3      | Found a faded altar of an unknown god.
  3353 | D:4      | Reached XP level 6. HP: 26/42 MP: 3/12
  3478 | D:4      | Noticed Edmund
  3878 | D:4      | Slain by an ogre

Levels and vault maps discovered:
D:1:      ldierk_water_garden, layout_loops_ring, st_stairs_8, amethyst_killhole
D:2:      layout_rooms, uniq_natasha
D:3:      layout_rooms, chequers_ecumenical_altar_simple, hex_tiny
D:4:      kennysheep_kobold_camp, layout_loops_ring, uniq_edmund

Skill      XL: |  1  2  3  4  5  6 |
---------------+-------------------+-----
Necromancy     | 5 6 |  6.7
Spellcasting   | 3 4 |  4.5
Dodging        | 2 |  2.0
Fighting       | |  0.7
Armour         | |  0.9
Stealth        | |  1.5

Action                   |  1- 3 |  4- 6 || total
-------------------------+-------+-------++-------
Melee: Unarmed           |     2 |       ||     2
       Club              |     5 |       ||     5
       Dagger            |    10 |   107 ||   117
 Cast: Pain              |    62 |    86 ||   148
       Vampiric Draining |       |    11 ||    11
  Use: Scroll            |     2 |       ||     2
Armor: Robe              |     9 |     1 ||    10
       Leather armour    |       |    33 ||    33
Dodge: Dodged            |    31 |    82 ||   113
